 Dungeon Crawl Stone Soup version 0.17-a0-1642-gd4b747b (webtiles) character file.

29652 karlkraus the Peltast (level 13, -1/126 HPs)
             Began as a Minotaur Fighter on Aug 8, 2015.
             Was a High Priest of Qazlal.
             Slain by a death yak (19 damage)
             ... on level 7 of the Lair of Beasts.
             The game lasted 00:36:27 (11639 turns).

karlkraus the Peltast (Minotaur Fighter)           Turns: 11639, Time: 00:36:27

Health: -1/126     AC: 26    Str: 28    XL:     13   Next: 16%
Magic:  12/12      EV: 13    Int:  5    God:    Qazlal [*****.]
Gold:   916        SH: 24    Dex: 14    Spells: 0 memorised, 12 levels left

rFire  . . .     SeeInvis .     t - +6 mace (protect)
rCold  . . .     Clarity  .     u - +1 plate armour
rNeg   + . .     SustAt   .     c - +1 shield
rPois  .         Gourm    .     (helmet unavailable)
rElec  .         Spirit   .     I - +2 cloak
rCorr  .         Warding  +     (no gloves)
rMut   .         Rnd*Tele +     (no boots)
MR     +....                    H - amulet of warding
Stlth  ..........               q - +3 ring of dexterity
                                m - +2 ring of protection

@: mighty, repel missiles, somewhat resistant to hostile enchantments, extremely
unstealthy
A: retaliatory headbutt, horns 3, repulsion field 1, clumsy 1, magic resistance
1, robust 1, teleportitis 1
a: Upheaval, Elemental Force, Disaster Area, Renounce Religion


You were on level 7 of the Lair of Beasts.
You worshipped Qazlal.
Qazlal was extremely pleased with you.
You were hungry.

You visited 2 branches of the dungeon, and saw 17 of its levels.

You collected 1006 gold pieces.
You spent 90 gold pieces at shops.

Inventory:

Hand weapons
 t - a +6 mace of protection (weapon)
 z - the +7 long sword of Misery {elec, rElec}
   (You found it on level 9 of the Dungeon)

   Occasionally, upon striking a foe, it will discharge some electrical energy
   and cause terrible harm.
   It insulates you from electricity.
 V - a +0 morningstar of draining
Missiles
 J - 5 poisoned javelins (quivered)
Armour
 c - a +1 shield (worn)
 u - a +1 plate armour (worn)
 I - a +2 cloak (worn)
Jewellery
 g - an uncursed ring of teleportation
 m - a +2 ring of protection (left hand)
 o - an uncursed ring of protection from fire
 p - an uncursed ring of positive energy
 q - a +3 ring of dexterity (right hand)
 A - an uncursed ring of fire {unknown}
 H - an amulet of warding (around neck)
 M - an uncursed ring of see invisible
Magical devices
 i - a wand of slowing (9)
 y - a wand of magic darts (23)
 O - a wand of enslavement (14)
 Q - a wand of confusion (8)
 S - a wand of polymorph (9)
Scrolls
 a - 4 scrolls of enchant armour
 b - 2 scrolls of teleportation
 f - 4 scrolls of identify
 l - 6 scrolls of remove curse
 n - 2 scrolls of fear
 x - a scroll of fog
 K - a scroll of blinking
 L - 2 scrolls of recharging
 N - a scroll of immolation
 R - 2 scrolls of silence
Potions
 d - a potion of agility
 j - a potion of curing
 k - a potion of heal wounds {unknown}
 r - 2 potions of magic
 v - a potion of lignification
 B - 2 potions of haste
 F - 2 potions of might
 G - 4 potions of invisibility
 P - a potion of brilliance
Books
 T - a book of Envenomations

   Spells                             Type                      Level
   a - Spider Form                    Transmutation/Poison         3
   b - Alistair's Intoxication        Transmutation/Poison         4
   c - Olgreb's Toxic Radiance        Poison                       4
   d - Poisonous Cloud                Conjuration/Poison/Air       6
 W - a book of Enchantments

   Spells                             Type                      Level
   a - Cause Fear                     Hexes                        4
   b - Silence                        Hexes/Air                    5
   c - Deflect Missiles               Charms/Air                   6
   d - Haste                          Charms                       6
   e - Discord                        Hexes                        8
Miscellaneous
 D - a crystal ball of energy
Comestibles
 e - 10 bread rations
 h - 2 royal jellies
 s - 7 meat rations
 w - 7 fruits
 C - 2 slices of pizza
 E - 3 beef jerkies


   Skills:
 + Level 10.9 Fighting
 + Level 12.9 Maces & Flails
 + Level 1.1 Throwing
 + Level 10.5 Armour
 + Level 5.8 Dodging
 + Level 2.5 Stealth
 + Level 16.6 Shields


You had 12 spell levels left.
You didn't know any spells.

Dungeon Overview and Level Annotations

Branches:
Dungeon (10/15)            Temple (0/1) D:7            Lair (7/8) D:10
  Swamp (0/4) Lair:3        Snake (0/4) Lair:3        Slime (0/6) Lair:7
    Orc: D:9-12

Altars:
Ashenzari
Cheibriados
Makhleb
Nemelex Xobeh
Qazlal
Xom
Yredelemnul

Shops:
D:4 (   D:8 [[*((


Innate Abilities, Weirdness & Mutations

You reflexively headbutt those who attack you in melee.
You have a pair of large horns on your head.
You are surrounded by a mild repulsion field (EV +2).
You are clumsy. (Dex -2)
You are resistant to hostile enchantments.
You are robust (+10% HP).
You are occasionally teleported to nearby monsters.


Message History

Your plate armour prevents you from hitting the four-headed hydra.
You headbutt the four-headed hydra!
The four-headed hydra is moderately wounded.
You block the death yak's attack.
The four-headed hydra barely misses you.
You block the four-headed hydra's attack.
The four-headed hydra barely misses you.
You block the four-headed hydra's attack.
You sock the four-headed hydra!
Your headbutt misses the four-headed hydra.
The four-headed hydra is heavily wounded.
The death yak gores you!
* * * LOW HITPOINT WARNING * * *
Drink which item? (? for menu, Esc to quit)
You feel very mighty all of a sudden.
You block the four-headed hydra's attack. x2
The four-headed hydra completely misses you.
The four-headed hydra closely misses you.
The death yak gores you!!
You die... ##.....#...^...# ...# #.....#........# ..# #..P##...##..P.. ... #...††...#..P.P.
PP.

## #..#.†..#..PP##..
#..#####......#...##
. #.....§..§.......#
#P.....D#####.....#
#..=##§§@# #....#
#.#....§Y## ....
...#...§.# ...
.........#
.#........
#...#....#.
P.....#..#..
#.......## #.
......... .P


You could see a death yak and a four-headed hydra.

Vanquished Creatures
  Nessos (Lair:6)
  Josephine (Lair:4)
  2 hydras
  5 death yaks (Lair:7)
  A griffon (Lair:3)
  2 black mambas
  8 elephants
  6 spiny frogs
  3 komodo dragons
  The ghost of Yanek the Slasher, an average MiFi (D:4)
  2 polar bears
  Grinder (D:3)
  Prince Ribbit (D:8)
  10 blink frogs
  2 slime creatures (Lair:7)
  5 wraiths (Lair:4)
  A deep elf fighter (D:10)
  23 yaks
  A basilisk (Lair:4)
  4 hippogriffs
  Menkaure (D:7)
  9 wolves
  12 water moccasins
  9 porcupines
  2 sky beasts (D:5)
  5 ogres
  3 black bears
  2 ice beasts
  3 orc warriors
  A phantom (D:5)
  4 centaurs
  A necrophage (D:9)
  11 crocodiles
  A wyvern zombie (D:10)
  A big kobold (D:6)
  13 giant frogs
  A scorpion (D:3)
  4 killer bees (D:9)
  4 wights (D:9)
  An electric eel (Lair:7)
  6 jellies
  6 crimson imps
  2 orc priests
  5 hounds
  2 centaur skeletons
  A giant frog skeleton (D:7)
  8 iguanas
  Natasha (twice) (D:2)
  8 orc wizards
  8 worker ants
  13 sheep
  A worker ant zombie (D:8)
  35 river rats
  2 gnolls
  14 adders
  A shadow imp (D:7)
  2 oozes
  An adder zombie (D:5)
  3 worms (D:2)
  3 adder skeletons
  22 orcs
  11 ball pythons
  14 bats
  8 giant cockroaches
  5 hobgoblins
  13 jackals
  6 quokkas
  2 giant geckos
  2 giant gecko skeletons
  2 giant newts
  8 goblins
  19 kobolds
  A quokka zombie (D:5)
  13 rats
  A spectral orc (D:7)
  2 bushes (Lair:3)
  31 fungi
  17 plants
468 creatures vanquished.

Vanquished Creatures (others)
  7 fungi
7 creatures vanquished.

Grand Total: 475 creatures vanquished

Notes
Turn   | Place    | Note
--------------------------------------------------------------
     0 | D:1      | karlkraus the Minotaur Fighter began the quest for the Orb.
     0 | D:1      | Reached XP level 1. HP: 19/19 MP: 0/0
   134 | D:1      | Reached XP level 2. HP: 27/27 MP: 1/1
   197 | D:1      | Found a shattered altar of Ashenzari.
   217 | D:1      | Reached skill level 4 in Armour
   395 | D:1      | You fall through a shaft!
   421 | D:2      | Reached XP level 3. HP: 25/33 MP: 2/2
   455 | D:2      | Noticed Natasha
   460 | D:2      | Reached skill level 1 in Dodging
   465 | D:2      | Killed Natasha
   465 | D:2      | Reached XP level 4. HP: 36/40 MP: 3/3
   729 | D:2      | Noticed Natasha
   738 | D:2      | Killed Natasha
  1643 | D:2      | Reached XP level 5. HP: 46/46 MP: 4/4
  1803 | D:3      | Found a sparkling altar of Nemelex Xobeh.
  1879 | D:3      | Reached skill level 5 in Shields
  2154 | D:3      | Noticed Grinder
  2158 | D:3      | Paralysed by Grinder for 2 turns
  2169 | D:3      | Killed Grinder
  2169 | D:3      | Reached skill level 5 in Armour
  2169 | D:3      | Reached XP level 6. HP: 43/53 MP: 5/5
  2327 | D:3      | Reached skill level 6 in Shields
  2665 | D:4      | Reached XP level 7. HP: 52/60 MP: 6/6
  2682 | D:4      | Gained mutation: You are agile. (Dex +2) [potion of mutation]
  2682 | D:4      | Gained mutation: You heal slowly when monsters are visible. [potion of mutation]
  2682 | D:4      | Gained mutation: You are occasionally teleported to nearby monsters. [potion of mutation]
  2683 | D:4      | Gained mutation: You have a pair of large horns on your head. [potion of mutation]
  2683 | D:4      | Gained mutation: You are robust (+10% HP). [potion of mutation]
  2683 | D:4      | Lost mutation: You are agile. (Dex +2) [potion of mutation]
  2711 | D:4      | Found a snail-covered altar of Cheibriados.
  2854 | D:4      | Found Yptuom's Antique Weapon Emporium.
  2868 | D:4      | Bought a glowing mace for 90 gold pieces
  2900 | D:4      | Found a stormy altar of Qazlal.
  2913 | D:4      | Became a worshipper of Qazlal Stormbringer
  2921 | D:4      | Noticed Yanek's ghost (average MiFi)
  2945 | D:4      | Killed Yanek's ghost
  2945 | D:4      | Reached skill level 5 in Fighting
  2945 | D:4      | Reached skill level 5 in Maces & Flails
  2945 | D:4      | Reached skill level 1 in Stealth
  2945 | D:4      | Reached skill level 7 in Shields
  3114 | D:4      | Reached XP level 8. HP: 54/75 MP: 7/7
  3246 | D:4      | Found a shattered altar of Ashenzari.
  3282 | D:5      | Entered Level 5 of the Dungeon
  3338 | D:4      | Gained mutation: You are clumsy. (Dex -2) [mutagenic meat]
  3339 | D:4      | Lost mutation: You heal slowly when monsters are visible. [mutagenic meat]
  3340 | D:4      | Gained mutation: Your muscles are strong. (Str +2) [mutagenic meat]
  3341 | D:4      | Gained mutation: You are surrounded by a mild repulsion field (EV +2). [mutagenic meat]
  3549 | D:5      | Reached skill level 8 in Shields
  4264 | D:6      | Acquired Qazlal's first power
  4453 | D:6      | Gained mutation: You are resistant to hostile enchantments. [potion of mutation]
  4453 | D:6      | Lost mutation: Your muscles are strong. (Str +2) [potion of mutation]
  4526 | D:6      | Reached skill level 9 in Shields
  4526 | D:6      | Reached XP level 9. HP: 69/85 MP: 8/8
  4845 | D:7      | Found a staircase to the Ecumenical Temple.
  4882 | D:7      | Noticed Menkaure
  4887 | D:7      | Killed Menkaure
  5110 | D:7      | Acquired Qazlal's second power
  5150 | D:7      | Found a sparkling altar of Nemelex Xobeh.
  5174 | D:7      | Found a basalt altar of Yredelemnul.
  5274 | D:8      | Found Mizecuz's Weapon Shoppe.
  5313 | D:8      | Found Gouphas's General Store.
  5342 | D:8      | Noticed Prince Ribbit
  5347 | D:8      | Reached skill level 10 in Shields
  5420 | D:8      | Found Lojugeot's Armour Shop.
  5477 | D:8      | Found Etabo's Antique Armour Shoppe.
  5546 | D:8      | Found Darhacsi's Weapon Shoppe.
  5843 | D:8      | Killed Prince Ribbit
  5953 | D:8      | Found a shimmering altar of Xom.
  5956 | D:8      | Found a burning altar of Makhleb.
  6159 | D:9      | Reached skill level 11 in Shields
  6186 | D:9      | Reached XP level 10. HP: 83/94 MP: 9/9
  6195 | D:9      | Acquired Qazlal's third power
  6635 | D:9      | Reached skill level 12 in Shields
  6706 | D:9      | Got an ichor-stained long sword
  6773 | D:10     | Entered Level 10 of the Dungeon
  6832 | D:10     | Identified the +7 long sword of Misery {elec, rElec} (You found it on level 9 of the Dungeon)
  6967 | D:10     | Acquired Qazlal's fourth power
  7010 | D:10     | Found a staircase to the Lair.
  7026 | Lair:1   | Entered Level 1 of the Lair of Beasts
  7201 | Lair:1   | Reached XP level 11. HP: 100/104 MP: 10/10
  7523 | Lair:1   | Reached skill level 13 in Shields
  7670 | Lair:1   | Reached skill level 10 in Maces & Flails
  7710 | Lair:1   | Noticed an eight-headed hydra
  7721 | Lair:1   | Killed an eight-headed hydra
  8439 | Lair:2   | Reached skill level 14 in Shields
  8801 | Lair:3   | Found a staircase to the Swamp.
  8928 | Lair:3   | Found a staircase to the Snake Pit.
  9318 | Lair:3   | Acquired Qazlal's fifth power
  9652 | Lair:4   | Reached XP level 12. HP: 115/115 MP: 11/11
  9701 | Lair:4   | Noticed Josephine
  9720 | Lair:4   | Killed Josephine
 10190 | Lair:5   | Reached skill level 15 in Shields
 10197 | Lair:5   | Reached skill level 10 in Armour
 10215 | Lair:5   | Reached skill level 5 in Dodging
 10228 | Lair:5   | Reached skill level 10 in Fighting
 10691 | Lair:6   | Noticed Nessos
 10728 | Lair:6   | Killed Nessos
 10748 | Lair:6   | Noticed a four-headed hydra
 10755 | Lair:6   | Killed a four-headed hydra
 11365 | Lair:7   | Reached skill level 1 in Throwing
 11390 | Lair:7   | Reached skill level 16 in Shields
 11561 | Lair:7   | Found a staircase to the Slime Pits.
 11608 | Lair:7   | Reached XP level 13. HP: 103/126 MP: 12/12
 11614 | Lair:7   | Noticed a four-headed hydra
 11639 | Lair:7   | Slain by a death yak

Vault maps used:
D:1:      dpeg_arrival_tiny_a, evilmike_ruin_ashenzari
D:2:      uniq_natasha
D:3:      lemuel_coloured_pillars_altar, first_bread, minmay_shallow_snake_nest,
          uniq_grinder
D:4:      kennysheep_little_box, old_standard_altar, grunt_qazlal_clouds,
          serial_shops, shop, cheibrodos_gnoll_hut
D:6:      st_stairs_3
D:7:      yredelemnul_forgotten_temple_becter, temple_pool_a,
          nemelex_dance_club_becter, uniq_menkaure
D:8:      grunt_temple_overflow_champion_of_chaos, serial_shops,
          nicolae_shop_stone, nicolae_shop_trees, shop, shop,
          nicolae_shop_trees, uniq_prince_ribbit1
D:10:     grunt_lair_entry_elf_guard_hut, grunt_livestock
Lair:2:   cheibrodos_lair_reptile_den, grunt_megastairs_3
Lair:3:   swamp_mist_pool, minmay_hedge_maze
Lair:4:   serial_bayou_shore_b, uniq_josephine
Lair:6:   grunt_megastairs_2, uniq_nessos
Lair:7:   minmay_slime_entry_pillars, lemuel_fruit_fields, grunt_megastairs_4,
          serial_bayou_shore_a

Action                   |  1- 3 |  4- 6 |  7- 9 | 10-12 | 13-15 || total
-------------------------+-------+-------+-------+-------+-------++-------
Melee: Flail             |    83 |   131 |    26 |       |       ||   240
       Mace              |       |       |   337 |   695 |    28 ||  1060
Throw: Javelin           |       |       |       |     5 |       ||     5
  Use: Scroll            |       |     7 |    10 |    11 |       ||    28
       Potion            |       |     1 |     4 |     3 |     1 ||     9
 Stab: Invisible         |       |       |     3 |       |       ||     3
  Eat: Chunk             |       |     4 |    18 |    17 |       ||    39
       Beef jerky        |       |     1 |       |       |       ||     1
       Fruit             |       |       |       |     1 |       ||     1
